 Dungeon Crawl Stone Soup version 0.23.2-40-g277498a001 (webtiles) character file.

Game seed: 3327134278510304076

590 Exodus22XD the Magician (level 7, -1/36 HPs)
             Began as a Deep Elf Ice Elementalist on Sept 24, 2019.
             Was an Initiate of Kikubaaqudgha.
             Slain by an ogre
             ... wielding a +0 giant club
              (9 damage)
             ... on level 5 of the Dungeon.
             The game lasted 00:12:02 (3857 turns).

Exodus22XD the Magician (Deep Elf Ice Elementalist) Turns: 3857, Time: 00:12:03

Health: -1/36      AC:  6    Str:  5    XL:     7   Next: 16%
Magic:  18/18      EV: 13    Int: 22    God:    Kikubaaqudgha [......]
Gold:   175        SH:  0    Dex: 15    Spells: 8/18 levels left

rFire    . . .     SeeInvis .   i - +2 dagger (venom)
rCold    . . .     Gourm    .   (no shield)
rNeg     . . .     Faith    .   q - +2 robe
rPois    .         Spirit   .   g - +0 helmet
rElec    .         Reflect  .   t - +0 cloak
rCorr    .         Harm     .   (no gloves)
MR       .....                  (no boots)
Stlth    +.........             b - amulet of magic regeneration
HPRegen  0.12/turn              f - ring of wizardry
MPRegen  0.41/turn              r - +5 ring of slaying

@: very slow
A: no striking features
a: Renounce Religion


You were on level 5 of the Dungeon.
You worshipped Kikubaaqudgha.
Kikubaaqudgha was noncommittal.
You were not hungry.

You visited 2 branches of the dungeon, and saw 6 of its levels.

You collected 175 gold pieces.

Inventory:

Hand Weapons
 i - a +2 dagger of venom (weapon)
Armour
 g - a +0 helmet (worn)
 q - a +2 robe (worn)
 s - a +1 robe of cold resistance
 t - a +0 cloak (worn)
Jewellery
 b - an amulet of magic regeneration (around neck)
 f - a ring of wizardry (left hand)
 r - a +5 ring of slaying (right hand)
Wands
 v - a wand of random effects (10)
Scrolls
 d - 7 scrolls of identify {unknown}
 j - 4 scrolls of remove curse {unknown}
 k - 3 scrolls of random uselessness {unknown}
 n - 2 scrolls of teleportation {unknown}
 o - a scroll of magic mapping {unknown}
 p - a scroll of enchant weapon {unknown}
 w - a scroll of fear {unknown}
Potions
 a - a potion of might {unknown}
 e - a potion of invisibility {unknown}
 h - 2 potions of heal wounds {unknown}
 l - a potion of lignification {unknown}
 m - a potion of flight {unknown}
 u - 2 potions of magic {unknown}
 x - a potion of degeneration {unknown}
Comestibles
 c - 6 rations
 z - 3 chunks of flesh


   Skills:
 - Level 2.4 Dodging
 - Level 2.4 Stealth
 + Level 6.1 Spellcasting
 - Level 1.1 Conjurations
 - Level 4.9 Summonings
 + Level 5.9 Ice Magic


You had 8 spell levels left.
You knew the following spells:

 Your Spells              Type           Power        Failure   Level  Hunger
a - Freeze                Ice            ####         1%          1    None
b - Summon Ice Beast      Ice/Summ       ####....     4%          4    ###....
c - Ozocubu's Armour      Chrm/Ice       ###.....     3%          3    #......
d - Throw Frost           Conj/Ice       ###...       1%          2    None

Your spell library contained the following spells:

 Spells                   Type           Power        Failure   Level  Hunger
 Throw Icicle             Conj/Ice       ###.....     9%          4    ###....


Dungeon Overview and Level Annotations

Branches:
Dungeon (5/15)             Temple (1/1) D:4

Altars:
Ashenzari
Cheibriados
Dithmenos
Fedhas
Gozag
Kikubaaqudgha
Makhleb
Nemelex Xobeh
Okawaru
Qazlal
Ru
Sif Muna
Trog
Uskayaw
Wu Jian
Yredelemnul
The Shining One


Message History

Moving in this stuff is going to be slow.
The frilled lizard hisses angrily.
A worm comes into view.
Your unstable footing causes you to fumble your attack.
The frilled lizard bites you but does no damage.
Casting: Summon Ice Beast (safe; 4% risk of failure)
Confirm with . or Enter, or press ? or * to list all spells.
Aiming: Freeze (safe; 1% risk of failure)
Press: ? - help, Shift-Dir - straight line, f - frilled lizard
Aim: a frilled lizard You freeze the frilled lizard.
You kill the frilled lizard!
Kikubaaqudgha accepts your kill.
You see here a frilled lizard corpse.
An ogre comes into view. It is wielding a +0 giant club.
The ogre shouts!
The ogre closely misses you. The ogre hits you with a +0 giant club!
You die...
Kikubaaqudgha rasps: "You have failed me!
Welcome... death!"

#. #...# #.########.
##.######...######..$.......
...........................>
#...................##.####
####..............#..## # #
........≈....†....#..# #
......≈≈≈≈≈.≈.....#..# #
....####≈#≈#≈≈....#..# # ...
#≈≈†w≈O@≈≈....#..# # ..
#≈########....# # #≈ #....#
# ## #.#### #.#


You could see an ogre and a worm.

Vanquished Creatures
  A scorpion (D:4)
  An orc priest (D:5)
  2 orc wizards
  Jessica (D:3)
  Robin (D:3)
  5 adders
  An adder skeleton (D:2)
  2 dart slugs
  5 worms
  2 leopard geckos
  An orc (D:5)
  2 ball pythons
  4 giant cockroaches
  9 goblins
  21 hobgoblins
  3 jackals (D:2)
  5 kobolds
  2 quokkas
  3 bats
  3 frilled lizards
  3 rats
77 creatures vanquished.

Vanquished Creatures (collateral kills)
  Sigmund (D:3)
  Duvessa (D:4)
  An ice beast (D:5)
  Dowan (D:4)
  2 orc wizards
  A worker ant (D:4)
  A shadow imp (D:4)
  2 worms (D:5)
  3 orcs
13 creatures vanquished.

Grand Total: 90 creatures vanquished

Notes
Turn   | Place    | Note
-------+----------+-------------------------------------------
     0 | D:1      | Exodus22XD the Deep Elf Ice Elementalist began the quest
                  | for the Orb.
     0 | D:1      | Reached XP level 1. HP: 10/10 MP: 6/6
   297 | D:1      | Reached XP level 2. HP: 15/15 MP: 4/8
   745 | D:2      | Reached XP level 3. HP: 19/19 MP: 7/10
   881 | D:2      | Reached skill level 4 in Spellcasting
  1597 | D:3      | Found a stormy altar of Qazlal.
  1649 | D:3      | Reached XP level 4. HP: 24/24 MP: 12/12
  1655 | D:3      | Learned a level 4 spell: Summon Ice Beast
  1659 | D:3      | Learned a level 3 spell: Ozocubu's Armour
  1662 | D:3      | Learned a level 2 spell: Throw Frost
  1842 | D:3      | Reached skill level 1 in Summonings
  2276 | D:3      | Noticed Robin
  2300 | D:3      | Killed Robin
  2314 | D:3      | Noticed Jessica
  2548 | D:3      | Killed Jessica
  2690 | D:3      | Reached XP level 5. HP: 19/28 MP: 11/13
  2791 | D:3      | Noticed Sigmund
  2809 | D:3      | Killed Sigmund
  3030 | D:4      | Reached XP level 6. HP: 20/32 MP: 10/14
  3298 | D:4      | Found a staircase to the Ecumenical Temple.
  3307 | Temple   | Entered the Ecumenical Temple
  3389 | Temple   | Became a worshipper of Kikubaaqudgha
  3439 | D:4      | Noticed a +0 dagger
  3439 | D:4      | Noticed a +0 dagger
  3441 | D:4      | Found a hide-covered altar of Uskayaw.
  3474 | D:4      | Noticed Duvessa
  3474 | D:4      | Noticed Dowan
  3484 | D:4      | Killed Duvessa
  3484 | D:4      | Reached skill level 5 in Spellcasting
  3484 | D:4      | Reached skill level 5 in Ice Magic
  3502 | D:4      | Killed Dowan
  3678 | D:5      | Entered Level 5 of the Dungeon
  3709 | D:5      | Noticed an ice beast
  3739 | D:5      | Killed an ice beast
  3739 | D:5      | Reached XP level 7. HP: 30/36 MP: 15/17
  3742 | D:5      | Reached skill level 6 in Spellcasting
  3808 | D:5      | HP: 1/36 [poisoned by an adder]
  3857 | D:5      | Slain by an ogre

Skill      XL: |  1  2  3  4  5  6  7 |
---------------+----------------------+-----
Ice Magic      | 4 5 |  5.9
Spellcasting   | 4 5 6 |  6.1
Summonings     | 3 4 |  4.9
Dodging        | |  2.4
Stealth        | |  2.4
Conjurations   | |  1.1

Action                   |  1- 3 |  4- 6 |  7- 9 || total
-------------------------+-------+-------+-------++-------
Melee: Dagger            |    22 |    30 |     1 ||    53
 Cast: Freeze            |    49 |    49 |    14 ||   112
       Summon Ice Beast  |       |    10 |     1 ||    11
       Throw Frost       |       |     2 |       ||     2
 Stab: Sleeping          |     1 |     4 |       ||     5
  Eat: Chunk             |     2 |     4 |     1 ||     7
       Ration            |       |     1 |       ||     1
Armor: Robe              |     6 |    12 |     1 ||    19
Dodge: Dodged            |    35 |    37 |     5 ||    77
